 Dungeon Crawl Stone Soup version 0.31.0-32-g396128a36d (webtiles) character file.

Game seed: 10643660652510902143

880 jagang the Slasher (level 8, -1/63 HPs)
             Began as a Human Monk on Mar 13, 2024.
             Was a Believer of Okawaru.
             Slain by a hornet zombie (7 damage)
             ... on level 5 of the Dungeon.
             The game lasted 00:08:57 (4209 turns).

jagang the Slasher (Human Monk)                     Turns: 4209, Time: 00:08:58

Health: -1/63      AC: 17    Str: 17    XL:     8   Next: 5%
Magic:  6/8        EV:  5    Int: 11    God:    Okawaru [**....]
Gold:   75         SH:  5    Dex: 18    Spells: 7/7 levels left

rFire   . . .        b - +2 short sword (venom)
rCold   . . .        d - orb {light}
rNeg    . . .        x - +0 plate armour
rPois   .            (no helmet)
rElec   .            j - +0 cloak
rCorr   .            e - +0 pair of gloves
SInv    .            f - +0 pair of boots
Will    .....        y - amulet of reflection Stlth
                     n - +6 ring of strength
HPRegen 0.30/turn    B - +4 ring of protection
MPRegen 0.11/turn

%: reflection
@: glowing
A: explore regen
a: Renounce Religion, Heroism


You were on level 5 of the Dungeon.
You worshipped Okawaru.
Okawaru was pleased with you.
You visited 1 branch of the dungeon, and saw 5 of its levels.

You collected 181 gold pieces.
You spent 106 gold pieces at shops.

Inventory:

Hand Weapons
 a - a +0 falchion
 b - a +2 short sword of venom (weapon)
Missiles
 o - a throwing net
Armour
 d - an orb of light (worn)
 e - a +0 pair of gloves (worn)
 f - a +0 pair of boots (worn)
 j - a +0 cloak (worn)
 x - a +0 plate armour (worn)
Jewellery
 h - an amulet of magic regeneration
 n - a +6 ring of strength (left hand)
 y - an amulet of reflection (around neck)
 B - a +4 ring of protection (right hand)
Scrolls
 g - a scroll of poison {unknown}
 i - a scroll of summoning {unknown}
 l - 3 scrolls of teleportation {unknown}
 m - a scroll of brand weapon {unknown}
 q - a scroll of fog {unknown}
 s - 2 scrolls of blinking {unknown}
 u - a scroll of identify {unknown}
 A - a scroll of silence {unknown}
Potions
 c - a potion of ambrosia
 k - 2 potions of enlightenment {unknown}
 p - a potion of resistance {unknown}
 r - a potion of curing {unknown}
 t - 2 potions of might {unknown}
 v - a potion of magic {unknown}
 w - 2 potions of heal wounds {unknown}
 z - a potion of lignification {unknown}


   Skills:
 + Level 5.5 Fighting
 * Level 7.3 Long Blades
 - Level 3.0 Throwing
 - Level 3.0 Dodging


You had 7 spell levels left.
You didn't know any spells.
Your spell library was empty.

Dungeon Overview and Level Annotations

Branches:
Dungeon (5/15)
 Temple: D:4-7

Altars:
Dithmenos
Okawaru
Qazlal

Shops:
D:3 *   D:5 (


Innate Abilities, Weirdness & Mutations

You regain HP and MP as you explore.


Message History

The hornet zombie is moderately damaged.
The hornet zombie hits you.
* * * LOW HITPOINT WARNING * * *
You hit the hornet zombie.
The hornet zombie is moderately damaged.
The hornet zombie hits you.
* * * LOW HITPOINT WARNING * * *
You barely miss the hornet zombie.
The hornet zombie is moderately damaged.
You hit the hornet zombie.
The hornet zombie is moderately damaged.
The hornet zombie hits you but does no damage.
You barely miss the hornet zombie.
The hornet zombie is moderately damaged.
The hornet zombie hits you but does no damage.
You hit the hornet zombie.
The hornet zombie is heavily damaged.
You hit the hornet zombie but do no damage.
The hornet zombie is heavily damaged.
The hornet zombie hits you but does no damage.
You hit the hornet zombie.
The hornet zombie is heavily damaged.
The hornet zombie hits you.
* * * LOW HITPOINT WARNING * * *
You hit the hornet zombie but do no damage.
The hornet zombie is heavily damaged.
You barely miss the hornet zombie.
The hornet zombie is heavily damaged.
The hornet zombie barely misses you.
You hit the hornet zombie.
The hornet zombie is heavily damaged.
The hornet zombie hits you.
* * * LOW HITPOINT WARNING * * *
You hit the hornet zombie.
The hornet zombie is severely damaged.
You hit the hornet zombie but do no damage.
The hornet zombie is severely damaged.
You feel like a meek peon again. The hornet zombie hits you!
You die...

..........#...#~~#.
#########.#.⌠.# ≈#
⌠
.........#...#≈≈#..
########..###~≈≈≈##
#..<.....≈≈≈≈≈≈.
#.#.#....~≈≈≈≈~.
#.#.#..###≈≈≈~#
#...#.#...#≈≈
#####@#.⌠.# ≈
#Z#...# #..###~[.~#
#..........
#..........
.♣♣.♣.##### #♣
..♣.# .♣.♣♣ ♣♣♣.


You could see a hornet zombie.

Vanquished Creatures
  A black bear (D:5)
  An ogre (D:4)
  A phantom (D:4)
  A wyvern zombie (D:5)
  Crazy Yiuf (D:2)
  3 orc priests
  Terence (D:2)
  4 iguanas
  2 orc wizards
  12 gnolls
  6 adders
  2 dart slugs (D:1)
  2 ribbon worms
  10 orcs
  4 ball pythons
  2 endoplasms
  5 giant cockroaches
  5 goblins
  7 hobgoblins
  4 jackals (D:1)
  7 kobolds
  2 quokkas
  8 bats
  5 frilled lizards
  3 rats (D:1)
99 creatures vanquished.

Notes
Turn   | Place    | Note
-------+----------+-------------------------------------------
     0 | D:1      | jagang the Human Monk began the quest for the Orb.
     0 | D:1      | Reached XP level 1. HP: 18/18 MP: 1/1
    34 | D:1      | Reached XP level 2. HP: 16/24 MP: 2/2
   309 | D:1      | Reached XP level 3. HP: 29/29 MP: 3/3
   597 | D:2      | Reached skill level 4 in Long Blades
   648 | D:2      | Found a runed translucent door.
   649 | D:2      | Noticed Crazy Yiuf
   664 | D:2      | Killed Crazy Yiuf
   665 | D:2      | Reached skill level 1 in Throwing
   665 | D:2      | Reached XP level 4. HP: 9/36 MP: 4/4
  1070 | D:2      | Found a faded altar of an unknown god.
  1242 | D:2      | Noticed Terence
  1248 | D:2      | Killed Terence
  1249 | D:2      | Reached XP level 5. HP: 42/42 MP: 5/5
  1837 | D:3      | Found Varon's Assorted Antiques.
  1978 | D:3      | Reached skill level 5 in Long Blades
  2012 | D:3      | Reached XP level 6. HP: 47/48 MP: 6/6
  2728 | D:3      | Bought a black potion for 17 gold pieces
  2728 | D:3      | Bought a scroll labelled SAVVAEKHET for 19 gold pieces
  2728 | D:3      | Bought a white potion for 17 gold pieces
  2728 | D:3      | Bought a yellow potion for 17 gold pieces
  2728 | D:3      | Bought a black potion for 17 gold pieces
  2728 | D:3      | Bought a scroll labelled ETAESHR PIRU for 19 gold pieces
  3076 | D:4      | Reached XP level 7. HP: 40/55 MP: 7/7
  3113 | D:4      | Reached skill level 6 in Long Blades
  3571 | D:5      | Entered Level 5 of the Dungeon
  3596 | D:5      | Found an iron altar of Okawaru.
  3625 | D:5      | Became a worshipper of Warmaster Okawaru
  3625 | D:5      | Reached * piety under Okawaru
  3625 | D:5      | Reached ** piety under Okawaru
  3657 | D:5      | Reached skill level 5 in Fighting
  3685 | D:5      | Found a stormy altar of Qazlal.
  3778 | D:5      | Found Hyrun's Weapon Emporium.
  3934 | D:5      | Reached skill level 7 in Long Blades
  4013 | D:5      | Found a shadowy altar of Dithmenos.
  4195 | D:5      | Reached XP level 8. HP: 16/63 MP: 5/8
  4209 | D:5      | Slain by a hornet zombie

Illustrated notes

Levels and vault maps discovered:
D:1:      dpeg_arrival_arbitrary_c, layout_basic
D:2:      layout_loops_corners, dreamdust_ecumenical_altar_grove,
          kennysheep_generic_room_13, uniq_terence, uniq_crazy_yiuf_cottage
D:3:      layout_basic, serial_shops, nicolae_shop_waterfront
D:4:      layout_loops_cross
D:5:      layout_basic, mainiacjoe_overflow_brackets,
          nicolae_yredelemnul_corpse_copse, okawaru_trees_1,
          lemuel_crystal_altar, serial_shops, nicolae_shop_bloodbath_and_beyond,
          nicolae_kite_square_tiling_tiny, fountainhead

Skill      XL: |  1  2  3  4  5  6  7 |
---------------+----------------------+-----
Long Blades    | 4 5 7 |  7.3
Throwing       | 1 2 3 |  3.0
Fighting       | 4 5 |  5.5
Dodging        | |  3.0

Action                     |  1- 3 |  4- 6 |  7- 9 || total
---------------------------+-------+-------+-------++-------
  Melee: Falchion          |    71 |       |       ||    71
         Short sword       |     6 |   149 |   109 ||   264
  Throw: Boomerang         |       |       |    19 ||    19
 Invoke: Heroism           |       |       |     1 ||     1
 Armour: Robe              |    39 |       |       ||    39
         Ring mail         |    10 |    14 |       ||    24
         Scale mail        |       |    49 |       ||    49
         Plate armour      |       |    13 |    90 ||   103
  Dodge: Dodged            |    67 |    55 |    26 ||   148
